 Dungeon Crawl Stone Soup version 0.22.1-1-ga44c0e56f4 (webtiles) character file.

218 Knicklaso the Cutter (level 6, -13/43 HPs)
             Began as a Halfling Fighter on Sept 26, 2018.
             Mangled by an ogre
             ... wielding a +0 giant club
              (24 damage)
             ... on level 4 of the Dungeon.
             The game lasted 00:11:21 (3448 turns).

Knicklaso the Cutter (Halfling Fighter)             Turns: 3448, Time: 00:11:22

Health: -13/43     AC:  6    Str: 19    XL:     6   Next: 17%
Magic:  6/6        EV:  9    Int:  6    God:
Gold:   112        SH: 10    Dex: 14    Spells: 5/5 levels left

rFire    . . .     SeeInvis .   a - +0 rapier
rCold    . . .     Gourm    .   c - +0 shield
rNeg     . . .     Faith    .   t - +0 scale mail
rPois    .         Spirit   .   (no helmet)
rElec    .         Reflect  .   (no cloak)
rCorr    .         Harm     .   (no gloves)
MR       .....                  (no boots)
Stlth    ..........             (no amulet)
HPRegen  0.14/turn              (no ring)
MPRegen  0.10/turn              (no ring)

@: lethally poisoned (-13 -> -16)
A: small, mutation resistance 1
a: no special abilities


You were on level 4 of the Dungeon.
You were not hungry.

You visited 1 branch of the dungeon, and saw 4 of its levels.

You collected 112 gold pieces.

Inventory:

Hand Weapons
 a - a +0 rapier (weapon)
 b - a +0 hunting sling
Missiles
 e - 89 stones (quivered)
 n - 42 sling bullets
Armour
 c - a +0 shield (worn)
 t - a +0 scale mail (worn)
Jewellery
 k - an uncursed ring of flight {unknown}
 m - an uncursed ring of protection from magic {unknown}
 r - a cursed ring of teleportation {unknown}
 u - an uncursed ring of protection from cold {unknown}
 x - a +3 ring of strength {unknown}
 z - a +3 ring of strength {unknown}
 C - an uncursed ring of fire {unknown}
Scrolls
 h - 2 scrolls of magic mapping {unknown}
 j - 4 scrolls of remove curse {unknown}
 l - a scroll of identify {unknown}
 o - a scroll of blinking {unknown}
 p - a scroll of random uselessness {unknown}
 q - 2 scrolls of immolation {unknown}
 s - 2 scrolls of fog {unknown}
 v - a scroll of teleportation {unknown}
 y - a scroll of enchant weapon {unknown}
Potions
 d - a potion of might
 g - a potion of ambrosia {unknown}
 i - a potion of heal wounds {unknown}
 w - a potion of agility {unknown}
 A - a potion of flight {unknown}
 B - a potion of magic {unknown}
Comestibles
 f - 7 rations
 D - a chunk of flesh


   Skills:
 + Level 3.8 Fighting
 * Level 5.6 Short Blades
 - Level 3.2 Armour
 - Level 4.0 Shields


You had 5 spell levels left.
You didn't know any spells.
Your spell library was empty.

Dungeon Overview and Level Annotations

Branches:
Dungeon (4/15)
 Temple: D:4-7

Altars:
Hepliaklqana

Annotations:
D:2 Grinder


Innate Abilities, Weirdness & Mutations

You are small and have problems with some larger weapons.
You are somewhat resistant to further mutation.


Message History

You barely miss the ogre.
The ogre is heavily wounded.
The ogre hits you with a giant club!
You closely miss the ogre.
The ogre is heavily wounded.
The adder bites you.
You are poisoned.
The adder poisons you! The ogre hits you with a giant club!!
Ouch! That really hurt!
* * * LOW HITPOINT WARNING * * *
The adder barely misses you.
You hit the ogre.
The ogre is heavily wounded.
You feel sick. The adder bites you but does no damage.
The ogre barely misses you.
You hit the ogre.
The ogre is heavily wounded.
The adder closely misses you. The ogre hits you with a giant club!!
Ouch! That really hurt!
You die...

#..#.# ..
#..#.##.
.......
####.....
##. ..... ..
... #. #.#
...###!###S#
.........O@#
.#####.#####
#. #. #. #.
.. ##


You could see an ogre and an adder.

Vanquished Creatures
  An orc priest (D:3)
  An orc wizard (D:3)
  A worker ant (D:1)
  3 adders
  2 oozes (D:1)
  4 worms
  A dart slug (D:1)
  6 leopard geckos
  4 orcs
  A ball python (D:3)
  4 giant cockroaches
  10 goblins
  8 hobgoblins
  3 jackals
  10 kobolds
  5 bats
  5 frilled lizards
  13 rats
82 creatures vanquished.

Notes
Turn   | Place    | Note
-------+----------+-------------------------------------------
     0 | D:1      | Knicklaso the Halfling Fighter began the quest for the Orb.
     0 | D:1      | Reached XP level 1. HP: 15/15 MP: 1/1
    53 | D:1      | Reached skill level 3 in Short Blades
    53 | D:1      | Reached XP level 2. HP: 20/20 MP: 2/2
   161 | D:1      | Reached XP level 3. HP: 23/25 MP: 3/3
  1098 | D:2      | Reached XP level 4. HP: 31/31 MP: 4/4
  1135 | D:1      | Reached skill level 4 in Short Blades
  1373 | D:2      | Reached XP level 5. HP: 21/36 MP: 5/5
  2457 | D:3      | Noticed Grinder
  2563 | D:2      | Reached skill level 5 in Short Blades
  2661 | D:3      | Found a hazy altar of Hepliaklqana.
  3213 | D:3      | Reached XP level 6. HP: 30/43 MP: 6/6
  3439 | D:4      | Noticed an ogre
  3448 | D:4      | Mangled by an ogre

Skill      XL: |  1  2  3  4  5 |
---------------+----------------+-----
Short Blades   | 3 4 5 |  5.6
Fighting       | 3 |  3.8
Shields        | 4 |  4.0
Armour         | |  3.2

Action                   |  1- 3 |  4- 6 || total
-------------------------+-------+-------++-------
Melee: Rapier            |    95 |   191 ||   286
 Fire: Hunting sling     |       |     8 ||     8
  Eat: Chunk             |       |     8 ||     8
Armor: Scale mail        |    27 |    58 ||    85
Dodge: Dodged            |    17 |    62 ||    79
Block: Shield            |    39 |    90 ||   129
